 Dungeon Crawl Stone Soup version 0.31.0-11-ge490571c62 (webtiles) character file.

Game seed: 3680000697442197862

98 Arex the Chopper (level 4, 0/41 HPs)
             Began as a Minotaur Berserker on Feb 2, 2024.
             Was a Believer of Trog.
             Incinerated by a bombardier beetle (3 damage)
             ... with a burning spray
             ... on level 3 of the Dungeon.
             The game lasted 00:01:27 (1405 turns).

Arex the Chopper (Minotaur Berserker)               Turns: 1405, Time: 00:01:28

Health: 0/41       AC:  6    Str: 24    XL:     4   Next: 44%
Magic:  3/3        EV: 10    Int:  4    God:    Trog [**....]
Gold:   50         SH:  0    Dex:  9    Spells: 3/3 levels left

rFire   . . .        a - +0 hand axe
rCold   . . .        (no shield)
rNeg    . . .        k - +0 scale mail
rPois   .            (helmet restricted)
rElec   .            (no cloak)
rCorr   .            (no gloves)
SInv    .            (no boots)
Will    .....        (no amulet) Stlth
                     (no ring)
HPRegen 0.26/turn    (no ring)
MPRegen 0.08/turn

%: no passive effects
@: on fire, on berserk cooldown, slowed, glowing, very slow
A: horns 2, retaliatory headbutt
a: Renounce Religion, Berserk, Trog's Hand


You were on level 3 of the Dungeon.
You worshipped Trog.
Trog was pleased with you.
You visited 1 branch of the dungeon, and saw 3 of its levels.

You collected 78 gold pieces.
You spent 28 gold pieces at shops.

Inventory:

Hand Weapons
 a - a +0 hand axe (weapon)
Armour
 b - a +0 animal skin
 k - a +0 scale mail (worn)
Scrolls
 f - a scroll of summoning
 g - a scroll of amnesia {unknown}
 i - a scroll of vulnerability {unknown}
 j - 2 scrolls of immolation {unknown}
 l - a scroll of enchant weapon {unknown}
 m - a scroll of fear
Potions
 c - a potion of lignification {unknown}
 d - 2 potions of cancellation
 e - 2 potions of ambrosia
 h - a potion of invisibility {unknown}


   Skills:
 + Level 4.4 Fighting
 + Level 4.5 Axes
 + Level 3.4 Armour
 + Level 3.2 Dodging


You had 3 spell levels left.
You didn't know any spells.
Your spell library was empty.

Dungeon Overview and Level Annotations

Branches:
Dungeon (3/15) Zot: 16588

Altars:

Shops:
D:2 *


Innate Abilities, Weirdness & Mutations

You have a pair of horns on your head.
You reflexively headbutt those who attack you in melee.


Message History

The bombardier beetle is almost dead.
The liquid fire burns you!
You barely miss the bombardier beetle.
The bombardier beetle is almost dead.
The liquid fire burns you!
The bombardier beetle barely misses you.
You slash the bombardier beetle!
You kill the bombardier beetle!
Trog accepts your kill. The liquid fire burns you!
You have reached level 4!
You feel stronger.
You are on fire!
You are on fire!
You are on fire!
You are on fire!
You are on fire!
You are on fire!
You are on fire!
The liquid fire burns you!
You feel a strong urge to attack something.
The liquid fire burns you! The liquid fire burns you!
* * * LOW HITPOINT WARNING * * *
You feel your anger nearly subside. The liquid fire burns you!
* * * LOW HITPOINT WARNING * * *
You are no longer berserk.
You are exhausted.
You feel yourself slow down. The liquid fire burns you!
* * * LOW HITPOINT WARNING * * *
You are on fire!
You are on fire!
You are on fire!
You are on fire!
You are on fire!
You are on fire!
The liquid fire burns you!
You die...

..###..###
.......<.#
.........#
.........#
.#.......#
.........#
.#.......#
#......?#
.......@#
#.......#
...#.....
........##
......#.#
#...#....
##....###
#.#..


There were no monsters in sight!

Vanquished Creatures
  A bombardier beetle (D:3)
  2 adders (D:2)
  2 dart slugs
  5 endoplasms
  A giant cockroach (D:1)
  3 goblins
  3 hobgoblins (D:1)
  5 kobolds
  3 quokkas
  3 ball pythons (D:2)
  3 bats
  4 frilled lizards
  3 rats
38 creatures vanquished.

Notes
Turn   | Place    | Note
-------+----------+-------------------------------------------
     0 | D:1      | Arex the Minotaur Berserker began the quest for the Orb.
     0 | D:1      | Reached XP level 1. HP: 19/19 MP: 0/0
   245 | D:1      | Reached XP level 2. HP: 27/27 MP: 1/1
   633 | D:2      | Reached XP level 3. HP: 33/33 MP: 2/2
   703 | D:2      | Found Pasut's General Store.
   708 | D:2      | Bought a scroll of identify for 28 gold pieces
   878 | D:2      | Reached ** piety under Trog
  1304 | D:2      | Identified the +7 dagger of Olloi {flame, Will+ Int+5}
  1400 | D:3      | Reached XP level 4. HP: 24/41 MP: 3/3
  1405 | D:3      | Incinerated by a bombardier beetle

Illustrated notes

Levels and vault maps discovered:
D:1:      onia_arrival_pentagram, layout_basic
D:2:      layout_basic, serial_shops, shop, kennysheep_generic_room_14
D:3:      layout_rooms, mainiacjoe_overflow_tiny_flanked,
          kennysheep_slug_shrine, nicolae_gozag_cash_rules_everything_around_me,
          dk_noncrumbling_3, hangedman_decor_growths, minmay_joined_circles

Skill      XL: |  1  2  3 |
---------------+----------+-----
Axes           | 4 |  4.5
Fighting       | 4 |  4.4
Armour         | 3 |  3.4
Dodging        | 3 |  3.2

Action                     |  1- 3 |  4- 6 || total
---------------------------+-------+-------++-------
  Melee: Hand axe          |    89 |       ||    89
         Headbutt          |     7 |       ||     7
 Invoke: Berserk           |     1 |       ||     1
    Use: Scroll            |     4 |       ||     4
 Armour: Animal skin       |    21 |       ||    21
         Scale mail        |    40 |       ||    40
  Dodge: Dodged            |    47 |       ||    47
